 Dungeon Crawl Stone Soup version 0.14.1-1-g650416f (webtiles) character file.

3945 Indrah22 the Cleaver (level 9, -2/50 HPs)
             Began as a Deep Elf Fighter on May 13, 2014.
             Was a Follower of Yredelemnul.
             Slain by Menkaure (6 damage)
             ... on Level 7 of the Dungeon.
             The game lasted 01:12:38 (12405 turns).

Indrah22 the Cleaver (Deep Elf Fighter)            Turns: 12405, Time: 01:12:38

HP  -2/50        AC 14     Str 16      XL: 9   Next: 83%
MP  21/21        EV  4     Int 14      God: Yredelemnul [*.....]
Gold 401         SH 19     Dex 14      Spells:  0 memorised,  8 levels left

rFire  . . .     SeeInvis .     a - +0,+2 war axe
rCold  + . .     Clarity  +     w - +1 chain mail {rC+}
rNeg   . . .     Conserve .     c - +0 shield
rPois  .         rCorr    .     k - +1 helmet
rElec  .         rRot     .     (no cloak)
SustAb . .       Spirit   .     z - +1 pair of gloves
rMut   .         Warding  .     (no boots)
Saprov . . .     Stasis   .     D - amulet of clarity
MR     +....                    F - ring of protection from magic
                                l - ring of flight

@: drained, somewhat resistant to hostile enchantments, extremely unstealthy
A: no striking features
a: Animate Remains, Renounce Religion, Evoke Flight


You were on level 7 of the Dungeon.
You worshipped Yredelemnul.
Yredelemnul was aware of your devotion.
You were not hungry.

You visited 1 branch of the dungeon, and saw 7 of its levels.
You also visited: Sewer.

You collected 401 gold pieces.

Inventory:

Hand weapons
 a - a +0,+2 war axe (weapon)
 b - a +1,+0 whip
 p - a +2,+2 dagger of protection
 q - a +0 blowgun
 x - a +0,+0 bow
 G - a +2,+1 whip of flaming
 P - a +0,+1 anti-magic long sword
 Q - a +1,+0 hand axe of venom
Missiles
 f - 21 sling bullets
 h - 20 sling bullets of flame
 i - 86 arrows
 m - 58 darts
 r - 13 bolts of flame
 u - 69 poisoned needles
 A - 11 arrows of dispersal
 C - 6 tomahawks (quivered)
Armour
 c - a +0 shield (worn)
 k - a +1 helmet (worn)
 w - a +1 chain mail of cold resistance (worn)
 z - a +1 pair of gloves (worn)
Magical devices
 y - a wand of teleportation (0)
Comestibles
 d - 2 chunks of orc flesh
 g - an apple
 j - a pear
 M - a chunk of worm flesh
Scrolls
 e - a scroll of remove curse
 s - a scroll of fog
 t - a scroll of immolation {unknown}
 H - a scroll of brand weapon {unknown}
 L - a scroll of enchant weapon I {unknown}
 O - a scroll of recharging {unknown}
Jewellery
 l - a ring of flight (left hand)
 n - a +2 ring of strength {unknown}
 D - an amulet of clarity (around neck)
 F - a ring of protection from magic (right hand)
 I - a cursed ring of hunger {unknown}
Potions
 v - a potion of restore abilities
 J - a potion of invisibility
 K - a potion of flight {unknown}
 N - a potion of resistance {unknown}
Books
 E - a book of Conjurations

   Spells                             Type                      Level
   Magic Dart                         Conjuration                  1
   Searing Ray                        Conjuration                  2
   Dazzling Spray                     Conjuration/Hexes            3
   Fulminant Prism                    Conjuration/Hexes            4
   Iskenderun's Mystic Blast          Conjuration                  4
   Iskenderun's Battlesphere          Conjuration/Charms           5
Magical staves
 o - an uncursed staff of power


   Skills:
 - Level 3.0(2.9) Fighting
 + Level 8.7(8.6) Axes
 - Level 0.9(0.8) Bows
 - Level 5.0(4.9) Throwing
 - Level 4.3(4.2) Armour
 - Level 5.3(5.2) Shields
 - Level 4.1(4.0) Invocations


You had 8 spell levels left.
You didn't know any spells.

Dungeon Overview and Level Annotations

Branches:
Dungeon (7/15)             Temple (0/1) D:6

Altars:
Fedhas
Yredelemnul
The Shining One

Annotations:
D:7 Menkaure


Message History

The adder bites you but does no damage.
Your shield and chain mail prevent you from hitting the adder.
The adder is almost dead.
You block the adder's attack.
Your shield and chain mail prevent you from hitting the adder.
The adder is almost dead.
The adder bites you but does no damage. x2
Menkaure calls on the powers of darkness!
Your body is wracked with pain!
* * * LOW HITPOINT WARNING * * *
You slash the adder!
You kill the adder!
Yredelemnul accepts your kill.
You feel sick.
Drink which item? (? for menu, Esc to quit)
You feel better. Menkaure hits you!
* * * LOW HITPOINT WARNING * * *
Menkaure hits you.
You die...
Your body rises from the dead as a mindless zombie.

#(.. #(.. #.. #.. #
#(# ## #.# #P #(# #.#
#. #M# #.# #. #@# #.#
#. #.###########.# #P
#.#.........#.# #.
#.#.........#.# ##
####.#>.....<..#.# ##
#....#.........#.###P
#..................#.
#....#.........#.#<#≈
#....#.........#.#.##


You could see Menkaure.

Vanquished Creatures
  Prince Ribbit (D:7)
  Eustachio (D:4)
  A water moccasin (D:6)
  A necrophage (D:7)
  An orc warrior (D:6)
  2 ice beasts
  2 giant goldfish (D:7)
  A sky beast (D:6)
  A black bear (D:6)
  2 centaurs
  3 ogres
  A phantom (D:5)
  A giant frog (D:6)
  A giant slug (Sewer)
  2 scorpions
  7 electric eels (D:7)
  4 wights (D:7)
  2 goliath beetles
  A jelly (D:7)
  3 big fish (D:7)
  A giant frog zombie (D:6)
  7 worker ants
  3 hounds
  3 orc priests
  5 orc wizards
  3 iguanas
  Ijyb (D:6)
  A hound zombie (D:5)
  7 adders
  A green rat (D:4)
  14 gnolls
  5 worms
  4 giant mites (D:5)
  An adder skeleton (D:6)
  2 giant eyeballs
  3 giant geckos
  An ooze (D:2)
  20 orcs
  6 giant cockroaches
  7 goblins
  10 hobgoblins
  6 jackals
  2 quokkas (D:3)
  5 ball pythons
  9 bats
  8 giant newts
  A goblin skeleton (D:4)
  A hobgoblin skeleton (D:6)
  A jackal skeleton (D:5)
  19 kobolds
  A kobold skeleton (D:4)
  18 rats
  A plant (D:7)
215 creatures vanquished.

Vanquished Creatures (collateral kills)
  An orc priest (D:7)
1 creature vanquished.

Vanquished Creatures (others)
  A sky beast (D:7)
  A gnoll sergeant (D:6)
  A sky beast zombie (D:7)
  3 gnolls (D:6)
  A scorpion zombie (D:7)
  A goliath beetle zombie (D:7)
  2 orc zombies (D:7)
  An orc skeleton (D:7)
  4 orcs (D:6)
  A hobgoblin zombie (D:7)
16 creatures vanquished.

Grand Total: 232 creatures vanquished

Notes
Turn   | Place    | Note
--------------------------------------------------------------
     0 | D:1      | Indrah22, the Deep Elf Fighter, began the quest for the Orb.
     0 | D:1      | Reached XP level 1. HP: 13/13 MP: 2/2
   396 | D:1      | Reached XP level 2. HP: 13/18 MP: 4/4
  1151 | D:2      | Reached XP level 3. HP: 19/22 MP: 6/6
  1421 | D:2      | Reached skill level 3 in Axes
  2421 | D:3      | Reached XP level 4. HP: 28/28 MP: 8/8
  2452 | D:3      | Reached skill level 1 in Throwing
  3401 | D:2      | Reached XP level 5. HP: 20/32 MP: 10/10
  3581 | D:2      | Found a blossoming altar of Fedhas.
  3786 | D:4      | Reached skill level 4 in Throwing
  3940 | D:4      | Reached skill level 5 in Throwing
  3940 | D:4      | Reached XP level 6. HP: 37/37 MP: 12/12
  4295 | D:4      | Noticed Eustachio
  4499 | D:4      | Killed Eustachio
  4558 | D:4      | Found a glowing golden altar of the Shining One.
  4618 | D:4      | Noticed an ogre
  4636 | D:4      | Killed an ogre
  4636 | D:4      | Reached XP level 7. HP: 41/41 MP: 14/14
  4703 | D:4      | Noticed an ogre
  4717 | D:4      | Killed an ogre
  4717 | D:4      | Reached skill level 5 in Axes
  5346 | D:4      | Paralysed by a giant eyeball for 4 turns
  5587 | D:5      | Entered Level 5 of the Dungeon
  5658 | D:5      | HP: 2/41 [ice beast (14)]
  6166 | D:5      | Reached skill level 6 in Axes
  6311 | D:5      | Found a glowing drain.
  6352 | Sewer    | Entered a sewer
  6428 | Sewer    | Reached XP level 8. HP: 41/46 MP: 16/16
  6728 | D:6      | Noticed Ijyb
  6932 | D:6      | HP: 2/46 [poisoned by a water moccasin]
  6940 | D:6      | HP: 2/46 [poisoned by a water moccasin]
  6965 | D:6      | HP: 2/46 [giant frog zombie (3)]
  6976 | D:6      | HP: 2/46 [giant frog zombie (2)]
  7270 | D:5      | Found a basalt altar of Yredelemnul.
  7279 | D:5      | Became a worshipper of Yredelemnul the Dark
  8105 | D:6      | Killed Ijyb
  8161 | D:6      | Paralysed by a giant eyeball for 2 turns
  8501 | D:6      | Reached skill level 5 in Shields
  8623 | D:6      | Reached XP level 9. HP: 9/50 MP: 18/18
  8984 | D:6      | Found a staircase to the Ecumenical Temple.
  9276 | D:7      | Reached skill level 7 in Axes
  9440 | D:7      | Noticed Prince Ribbit
  9457 | D:7      | Killed Prince Ribbit
  9663 | D:7      | Acquired Yredelemnul's first power
  9963 | D:7      | Reached skill level 1 in Invocations
 11507 | D:7      | Reached skill level 8 in Axes
 12387 | D:7      | Noticed Menkaure
 12405 | D:7      | Slain by Menkaure

Action                   |  1- 3 |  4- 6 |  7- 9 || total
-------------------------+-------+-------+-------++-------
Melee: War axe           |   144 |   106 |   409 ||   659
       Whip              |       |       |     6 ||     6
 Fire: Blowgun           |       |    97 |   205 ||   302
Throw: Dart              |     8 |     8 |     1 ||    17
       Tomahawk          |       |       |    36 ||    36
Invok: Animate Remains   |       |       |     7 ||     7
Evoke: Wand              |       |       |     1 ||     1
  Use: Scroll            |     6 |       |    15 ||    21
       Potion            |     2 |     1 |     3 ||     6
 Stab: Distracted        |       |     1 |       ||     1
